 Dungeon Crawl Stone Soup version 0.31-a0-692-gf03d1854d5 (webtiles) character file.

Game seed: 7039553515440001342

30 Ordine the Changeling (level 3, -3/27 HPs)
             Began as a Merfolk Shapeshifter on Sept 6, 2023.
             Slain by a goblin
             ... wielding a +0 club
             ... led by Robin
              (5 damage)
             ... on level 2 of the Dungeon.
             The game lasted 00:03:46 (752 turns).

Ordine the Changeling (Merfolk Shapeshifter)         Turns: 752, Time: 00:03:47

Health: -3/27      AC:  2    Str: 16    XL:     3   Next: 20%
Magic:  3/3        EV: 12    Int:  9    God:
Gold:   71         SH:  0    Dex: 13    Spells: 2/2 levels left

rFire   . .          .
                       - Unarmed
rCold   . . .        (no shield)
rNeg    . . .        a - +0 animal skin
rPois   .            (helmet currently unavailable)
rElec   .            (cloak currently unavailable)
rCorr   +            (gloves currently unavailable)
SInv    +            (boots currently unavailable)
Will    .....        (no amulet)
Stlth   +            g - ring of see invisible
HPRegen 0.24/turn    l - ring of resist corrosion
MPRegen 0.08/turn

%: no passive effects
@: beast-form, attractive
A: beast (slay +2), (nimble swimmer 2), mertail
a: Begin Untransformation


You were on level 2 of the Dungeon.
You were a hulking beast.
You visited 1 branch of the dungeon, and saw 2 of its levels.

You collected 71 gold pieces.

Inventory:

Armour
 a - a +0 animal skin (worn)
 f - a +0 cloak
Jewellery
 g - a ring of see invisible (left hand)
 k - a ring of wizardry
 l - a ring of resist corrosion (right hand)
Talismans
 c - a beast talisman (active)
 d - a flux talisman
Scrolls
 e - 4 scrolls of identify {unknown}
 h - a scroll of fear {unknown}
 j - a scroll of enchant armour {unknown}
Potions
 b - a potion of lignification


   Skills:
 + Level 1.7 Fighting
 - Level 3.0 Dodging
 * Level 4.0 Unarmed Combat
 + Level 4.3 Shapeshifting


You had 2 spell levels left.
You didn't know any spells.
Your spell library was empty.

Dungeon Overview and Level Annotations

Branches:
Dungeon (2/15)

Altars:

Annotations:
D:2 Robin


Innate Abilities, Weirdness & Mutations

You are a hulking beast.
Your limbs bulge with bestial killing power. (Slay +2)
((You are very nimble when in or above water. (Stealth+, EV+, Speed+++)))
Your lower body shifts to a powerful aquatic tail in water.


Message History

You barely miss the hobgoblin. You punch the hobgoblin.
You kill the hobgoblin!
The goblin misses you.
You barely miss the goblin. The goblin completely misses you.
You completely miss the goblin. The goblin closely misses you.
You punch the goblin!
You kill the goblin!
You barely miss the goblin. The goblin misses you.
You barely miss the goblin. You punch the goblin.
You kill the goblin!
The goblin no longer looks unusually strong.
You punch the goblin!
You kill the goblin!
Robin throws the goblin at you!
You closely miss the goblin. The goblin closely misses you.
You completely miss the goblin.
The goblin no longer looks unusually strong.
The goblin hits you with a +0 dagger.
Robin roars a battlecry!
The goblin goes into a battle-frenzy!
You hit the goblin.
You kill the goblin!
Robin throws the goblin at you!
You completely miss the goblin. The goblin hits you with a +0 dagger.
Robin hits you from afar with a +0 spear.
The goblin hits you with a +0 club.
You punch the goblin!
You kill the goblin!
Robin throws the goblin at you! The goblin closely misses you.
Your Unarmed Combat skill increases to level 4!
You barely miss the goblin. The goblin hits you but does no damage.
Robin hits you from afar with a +0 spear.
* * * LOW HITPOINT WARNING * * *
A goblin comes into view. It is wielding a +0 club.
The goblin hits you with a +0 club.
* * * LOW HITPOINT WARNING * * *
It was a potion of attraction.
You feel attractive to monsters. The goblin barely misses you.
The goblin hits you with a +0 club.
You die...

.# .. # ##+## .# .#
##...## .###.# ##.....##
.....# ##.......##
##......
#.....)...####...##.#####
+.........'ghg..........
#.......<.####gg.##.##.#
##.......## ##)## #<#
##.....## .# #.# ##...##
.# #.# ##+## g# #.# g#
#.# .g ..# g. ###


You could see Robin and 3 goblins.

Vanquished Creatures
  A dart slug (D:1)
  An endoplasm (D:1)
  11 goblins
  2 hobgoblins
  2 quokkas (D:1)
  4 ball pythons (D:1)
  3 bats
  2 rats (D:1)
26 creatures vanquished.

Notes
Turn   | Place    | Note
-------+----------+-------------------------------------------
     0 | D:1      | Ordine the Merfolk Shapeshifter began the quest for the
                  | Orb.
     0 | D:1      | Reached XP level 1. HP: 15/15 MP: 1/1
   107 | D:1      | Reached XP level 2. HP: 12/21 MP: 2/2
   730 | D:2      | Noticed Robin
   734 | D:2      | Reached XP level 3. HP: 17/27 MP: 3/3
   752 | D:2      | Slain by a goblin

Illustrated notes

Levels and vault maps discovered:
D:1:      minmay_arrival_radiant_lines, layout_loops_ring, minmay_pentomino_o2
D:2:      layout_loops_corners, basic_altar, uniq_jessica, uniq_robin,
          uniq_crazy_yiuf_cottage

Skill      XL: |  1  2  3 |
---------------+----------+-----
Dodging        | 3 |  3.0
Unarmed Combat | 4 |  4.0
Fighting       | |  1.7
Shapeshifting  | |  4.3

Action                     || total
---------------------------++-------
  Melee: Unarmed           ||    63
         Punch             ||     3
    Use: Potion            ||     1
   Stab: Sleeping          ||     1
 Armour: Animal skin       ||    36
  Dodge: Dodged            ||    39

Table legend: (Time is in decaauts)
 A = Elapsed time spent in this place.
 B = Non-inter-level travel time spent in this place.
 C = Inter-level travel time spent in this place.
 D = Time resting spent in this place.
 E = Time spent auto-exploring this place.
 F = Levels seen in this place.
 G = Mean time per level.
                   A        B        C        D        E       F      G
               +--------+--------+--------+--------+--------+-----+--------+
         Total |    747 |    664 |     83 |     65 |    467 |   2 |  373.5 |
       Dungeon |    747 |    664 |     83 |     65 |    467 |   2 |  373.5 |
               +--------+--------+--------+--------+--------+-----+--------+

Top non-repeatable levels by time:
     D:1: 696 daAuts
     D:2: 50 daAuts
